 Dungeon Crawl Stone Soup version 0.28.0-53-g5a82cb258f (webtiles) character file.

Game seed: 18240657274118447072

55 Zeld the Conjurer (level 3, -8/19 HPs)
             Began as a Deep Elf Conjurer on May 24, 2022.
             Killed from afar by Natasha (11 damage)
             ... with a puff of flame
             ... on level 3 of the Dungeon.
             The game lasted 00:01:33 (1967 turns).

Zeld the Conjurer (Deep Elf Conjurer)               Turns: 1967, Time: 00:01:33

Health: -8/19      AC:  2    Str:  4    XL:     3   Next: 67%
Magic:  10/10      EV: 12    Int: 24    God:
Gold:   91         SH:  0    Dex: 13    Spells: 7/10 levels left

rFire   . . .      SeeInvis .   (no weapon)
rCold   . . .      Faith    .   (no shield)
rNeg    . . .      Spirit   .   a - +0 robe
rPois   .          Reflect  .   (no helmet)
rElec   .          Harm     .   (no cloak)
rCorr   .          Rampage  .   (no gloves)
Will    .....                   (no boots)
Stlth   ++........              (no amulet)
HPRegen 0.06/turn               (no ring)
MPRegen 0.12/turn               (no ring)

@: slowed, very slow
A: no striking features
a: no special abilities


You were on level 3 of the Dungeon.
You visited 1 branch of the dungeon, and saw 3 of its levels.

You collected 91 gold pieces.

Inventory:

Armour
 a - a +0 robe (worn)
Wands
 h - a wand of flame (15)
Scrolls
 b - a scroll of enchant weapon {unknown}
 d - 3 scrolls of identify {unknown}
 e - a scroll of noise {unknown}
 f - a scroll of magic mapping {unknown}
 g - a scroll of blinking {unknown}
Potions
 c - a potion of haste
 i - a potion of flight {unknown}


   Skills:
 - Level 2.4 Dodging
 - Level 2.4 Stealth
 * Level 4.0 Spellcasting
 * Level 5.0 Conjurations
 + Level 1.6 Hexes
 + Level 1.1 Translocations


You had 7 spell levels left.
You knew the following spells:

 Your Spells              Type           Power      Damage    Failure   Level
a - Magic Dart            Conj           100%       1d8       1%          1
b - Searing Ray           Conj           56%        2d6       1%          2

Your spell library contained the following spells:

 Spells                   Type           Power      Damage    Failure   Level
 Dazzling Flash           Conj/Hex       40%        N/A       8%          3
 Fulminant Prism          Conj/Hex       10%        3d9       24%         4
 Iskenderun's Mystic Bla  Conj/Tloc      19%        2d6       26%         4


Dungeon Overview and Level Annotations

Branches:
Dungeon (3/15)

Altars:

Annotations:
D:3 Natasha


Message History

Aim: a bat (69% to hit)
The searing ray hits the bat!
You kill the bat! (Press . to maintain the ray.)
Your Conjurations skill increases to level 5!
The searing ray hits the dart slug!
You kill the dart slug!
Key pressed, stopping explore.
No target in view!
A gnoll comes into view. It is wielding a +0 club.
A gnoll comes into view. It is wielding a +0 spear.
Found 19 bolts.
The gnoll shouts!
You hear a shout! x2
The gnoll moves out of view.
You hear a shout!
A gnoll is nearby!
Natasha and a gnoll come into view.
Natasha is carrying a wand of flame (29).
Found a flail and 26 arrows.
The gnoll shouts!
Natasha hisses angrily.
You hear an angry hiss.
Natasha drinks a potion.
Natasha seems to speed up.
A gnoll comes into view. It is wielding a +0 spear.
The gnoll hits you from afar with a +0 spear.
A gnoll comes into view. It is wielding a +0 spear.
Natasha stares at you and mumbles some strange words.
You feel yourself slow down.
Natasha mumbles some strange words.
You feel disoriented.
Natasha mumbles some strange words.
You see here a rat corpse.
Natasha extends her claws.
Natasha mumbles some strange words.
You feel troubled. The gnoll misses you.
Natasha stares at you and mumbles some strange words.
The magic dart hits you! Natasha claws you.
* * * LOW HITPOINT WARNING * * *
Natasha zaps a wand.
The puff of flame hits you!
Ouch! That really hurt!
You die...

#g.........
.#
#5########.#
# #.# . #g#
#†#########
#.g........
##h########
####### #.#
#<....# #@#
#####.# #.#
#.# #.# #.#
#.# #.# #.#
#.# #.# #.#
#.#
#.########.#
#..........#


You could see Natasha (fast), 2 gnolls and a white imp (summoned).

Vanquished Creatures
  An adder (D:2)
  2 dart slugs
  3 ball pythons
  10 endoplasms
  3 giant cockroaches (D:2)
  2 hobgoblins (D:1)
  A quokka (D:1)
  6 bats
  2 frilled lizards (D:1)
  7 rats
37 creatures vanquished.

Notes
Turn   | Place    | Note
-------+----------+-------------------------------------------
     0 | D:1      | Zeld the Deep Elf Conjurer began the quest for the Orb.
     0 | D:1      | Reached XP level 1. HP: 10/10 MP: 6/6
   246 | D:1      | Reached XP level 2. HP: 15/15 MP: 4/8
   362 | D:1      | Reached skill level 1 in Hexes
   902 | D:2      | Reached XP level 3. HP: 19/19 MP: 5/10
  1017 | D:2      | Learned a level 2 spell: Searing Ray
  1040 | D:2      | Reached skill level 1 in Translocations
  1350 | D:2      | Identified the +0 ring mail "Ojaroog" {rF+ Dex+5}
  1917 | D:3      | Found a faded altar of an unknown god.
  1919 | D:3      | Reached skill level 5 in Conjurations
  1954 | D:3      | Noticed Natasha
  1967 | D:3      | Killed from afar by Natasha

Illustrated notes

Levels and vault maps discovered:
D:1:      zaba_arrival_water, layout_rooms
D:2:      layout_loops_ring, minmay_misc_feat_pillars
D:3:      layout_basic, mainiacjoe_overflow_paths, gammafunk_ghost_stat_death,
          hellmonk_ecumenical_altar_lost_god, uniq_natasha

Skill      XL: |  1  2  3 |
---------------+----------+-----
Hexes          | 1 |  1.6
Translocations | 1 |  1.1
Spellcasting   | 4 |  4.0
Conjurations   | 5 |  5.0
Dodging        | |  2.4
Stealth        | |  2.4

Action                   || total
-------------------------++-------
Melee: Unarmed           ||     1
 Cast: Magic Dart        ||    57
       Searing Ray       ||     8
Armor: Robe              ||     3
Dodge: Dodged            ||     2
